 Dungeon Crawl Stone Soup version 0.29-a0-925-g0a7a3d12f8 (webtiles) character file.

Game seed: 5623758203334951262

602 Newt the Twirler (level 8, 0/58 (63) HPs)
             Began as a Meteoran Gladiator on July 29, 2022.
             Was an Initiate of Yredelemnul.
             Slain by an orc priest
             ... wielding a +0 hand axe
              (2 damage)
             ... on level 5 of the Dungeon.
             The game lasted 00:12:46 (3691 turns).

Newt the Twirler (Meteoran Gladiator)               Turns: 3691, Time: 00:12:46

HP:   0/58 (63)     AC:  7    Str: 19    XL:     8   Next: 1%
MP:   9/9           EV: 12    Int: 15    God:    Yredelemnul [......]
Gold: 169           SH:  8    Dex: 19    Spells: 7/7 levels left

rFire   + . .      SeeInvis .   f - staff of death
rCold   . . .      Faith    .   B - +0 kite shield
rNeg    + . .      Spirit   .   k - +0 leather armour of Death's Door {rCorr Dex+4}
rPois   .          Reflect  .   c - +1 helmet
rElec   .          Harm     .   x - +0 cloak
rCorr   +          Rampage  .   h - +0 pair of gloves
Will    +....                   (no boots)
Stlth   +.........              (no amulet)
HPRegen 0.19/turn               j - ring of protection from fire
MPRegen 0.11/turn               m - +6 ring of intelligence

@: about to teleport, hasted, glowing, drained, bezotted, very quick
A: sense surroundings 1, otherworldly, glowing, explore regen
a: Renounce Religion, Recall Undead Harvest


You were on level 5 of the Dungeon.
You worshipped Yredelemnul.
Yredelemnul was noncommittal.
You visited 1 branch of the dungeon, and saw 6 of its levels.

You collected 181 gold pieces.
You spent 12 gold pieces at shops.

Inventory:

Hand Weapons
 a - a +0 quarterstaff
Missiles
 d - 6 poisoned darts
 e - 2 javelins (quivered)
 F - a throwing net
Armour
 b - a +0 leather armour
 c - a +1 helmet (worn)
 h - a +0 pair of gloves (worn)
 k - the +0 leather armour of Death's Door (worn) {rCorr Dex+4}
   (You found it on level 4 of the Dungeon)

   Dex:       It affects your dexterity (+4).
   rCorr:     It protects you from acid and corrosion.
 x - a +0 cloak (worn)
 B - a +0 kite shield (worn)
Magical Staves
 f - a staff of death (weapon)
 r - a staff of earth
Jewellery
 j - a ring of protection from fire (left hand)
 l - a ring of fire
 m - a +6 ring of intelligence (right hand)
 p - a ring of see invisible
 v - a ring of poison resistance
 C - a ring of flight
 D - a +4 ring of evasion
Wands
 s - a wand of flame (15)
 w - a wand of polymorph (6)
Scrolls
 g - a scroll of teleportation
 o - a scroll of amnesia {unknown}
 q - a scroll of enchant armour
 u - a scroll of poison
 y - a scroll of enchant weapon {unknown}
 z - a scroll of vulnerability {unknown}
 E - a scroll of identify
Potions
 i - 2 potions of ambrosia
 n - a potion of lignification


   Skills:
 + Level 3.2 Fighting
 + Level 5.9 Staves
 + Level 2.9 Throwing
 + Level 2.9 Armour
 + Level 5.0 Dodging
 - Level 0.1 Stealth
 + Level 0.3 Shields
 * Level 2.5 Necromancy
 * Level 3.2 Fire Magic
 * Level 2.3 Evocations


You had 7 spell levels left.
You didn't know any spells.
Your spell library contained the following spells:

 Spells                   Type           Power      Damage    Failure   Level
 Necrotise                Necr           44%        1d6       38%         1
 Scorch                   Fire           18%        2d5       41%         2
 Apportation              Tloc           0%         N/A       75%         1
 Summon Small Mammal      Summ           0%         N/A       75%         1
 Dispel Undead            Necr           11%        3d9       99%         4
 Flame Wave               Conj/Fire      4%         2d5       99%         4
 Cause Fear               Hex            0%         N/A       100%        4
 Corpse Rot               Necr/Pois/Air  3%         N/A       100%        4
 Summon Cactus Giant      Summ           0%         N/A       100%        6
 Dragon Form              Tmut           0%         N/A       100%        7
 Dragon's Call            Summ           0%         N/A       100%        9
 Death Channel            Necr           Unusable   N/A       N/A         6

Dungeon Overview and Level Annotations

Branches:
Dungeon (6/15) Zot: 92
 Temple: D:4-7

Altars:
Makhleb
Trog
Yredelemnul

Shops:
D:5 *

Annotations:
D:6 Sigmund


Innate Abilities, Weirdness & Mutations

You passively map a small area around you.
You are easily found by Zot.
You glow in the dark.
You regain HP and MP as you explore.


Message History

Are you sure you want to stumble around while confused and next to your orc wizard zombie?
You barely miss the orc priest.
The orc priest is heavily wounded.
Your orc wizard zombie barely misses the orc priest.
The orc hits you with a +0 hand axe.
* * * LOW HITPOINT WARNING * * *
The orc priest hits you but does no damage.
The orc priest invokes the aid of Beogh against you.
Beogh smites you!
* * * LOW HITPOINT WARNING * * *
Are you sure you want to stumble around while confused and next to your orc wizard zombie?
Okay, then.
Are you sure you want to stumble around while confused and next to your orc wizard zombie?
Okay, then.
You are too confused!
Unknown command.
It was a potion of haste.
You feel yourself speed up. The orc hits you with a +0 hand axe.
* * * LOW HITPOINT WARNING * * *
The orc priest hits you but does no damage.
The orc priest hits your orc wizard zombie with a +0 hand axe.
The orc priest calls down the wrath of Beogh upon you.
You resist with significant effort.
Your orc wizard zombie misses the orc priest.
Are you sure you want to stumble around while confused and next to your orc wizard zombie?
Okay, then.
There are monsters nearby!
Unknown command.
Are you sure you want to stumble around while confused and next to your orc wizard zombie?
You barely miss the orc priest.
The orc priest is heavily wounded.
You feel less invigorated.
You feel less confused.
Unknown command.
As you read the scroll of teleportation, it crumbles to dust.
You feel strangely unstable. The orc hits you with a +0 hand axe.
* * * LOW HITPOINT WARNING * * *
The orc priest hits you with a +0 hand axe.
You die...
Your body rises from the dead as a mindless zombie.

..........#
#######.# #.#
#.################
#................#
###############.##
* * #######
#.[<)#.# , ,#..)oo#
#.#.)#.#
._...PPP@###.####.#
, ,
...PPPP.Zo........#
P PP......#########
, PP....P..# ,
...PPPP.## , ,
..PPP.$.# , P
,...### , , ..##
..*


You could see 2 orc priests, an orc and a friendly orc wizard zombie.

Vanquished Creatures
  2 centaurs
  An ogre (D:4)
  A scorpion (D:4)
  An orc priest (D:5)
  A hound (D:5)
  2 orc wizards
  Ijyb (D:3)
  Natasha (twice) (D:5)
  5 adders
  A worm (D:3)
  A dart slug (D:1)
  11 orcs
  9 ball pythons
  6 endoplasms
  A giant cockroach (D:4)
  7 goblins
  3 hobgoblins
  4 jackals (D:3)
  4 quokkas
  3 bats
  3 frilled lizards
  5 kobolds
  10 rats
84 creatures vanquished.

Vanquished Creatures (others)
  A centaur zombie (D:6)
  A hound zombie (D:5)
  8 plants (D:3)
10 creatures vanquished.

Grand Total: 94 creatures vanquished

Notes
Turn   | Place    | Note
-------+----------+-------------------------------------------
     0 | D:1      | Newt the Meteoran Gladiator began the quest for the Orb.
     0 | D:1      | Reached XP level 1. HP: 17/17 MP: 2/2
    61 | D:1      | Reached XP level 2. HP: 24/24 MP: 3/3
   243 | D:1      | Reached XP level 3. HP: 20/29 MP: 4/4
   270 | D:1      | Found a faded altar of an unknown god.
   768 | D:2      | Reached skill level 1 in Fire Magic
   768 | D:2      | Reached XP level 4. HP: 36/37 MP: 5/5
  1251 | D:3      | Noticed Ijyb
  1262 | D:3      | Killed Ijyb
  1263 | D:3      | Reached skill level 1 in Armour
  1263 | D:3      | Reached XP level 5. HP: 22/42 MP: 6/6
  1359 | D:3      | Reached skill level 5 in Staves
  1688 | D:3      | Glimpsed the power of Zot.
  1739 | D:3      | Glimpsed the power of Zot.
  1777 | D:3      | Glimpsed the power of Zot.
  1804 | D:4      | Reached XP level 6. HP: 15/50 MP: 7/7
  1976 | D:4      | Identified the +0 leather armour of Death's Door {rCorr
                  | Dex+4}
  2077 | D:4      | Reached skill level 1 in Evocations
  2097 | D:4      | Noticed Natasha
  2106 | D:5      | Entered Level 5 of the Dungeon
  2114 | D:5      | Killed Natasha
  2115 | D:5      | Reached skill level 1 in Necromancy
  2524 | D:4      | Noticed an ogre
  2542 | D:4      | Killed an ogre
  2543 | D:4      | Reached XP level 7. HP: 6/57 MP: 8/8
  2810 | D:5      | Found a basalt altar of Yredelemnul.
  2824 | D:5      | Became a worshipper of Yredelemnul the Dark
  2892 | D:5      | Glimpsed the power of Zot.
  2942 | D:5      | Glimpsed the power of Zot.
  2982 | D:5      | Glimpsed the power of Zot.
  2992 | D:5      | Touched by the power of Zot.
  3014 | D:5      | Noticed Natasha
  3039 | D:5      | Killed Natasha
  3091 | D:5      | Glimpsed the power of Zot.
  3140 | D:5      | Glimpsed the power of Zot.
  3338 | D:6      | Found a bloodstained altar of Trog.
  3339 | D:6      | Noticed Sigmund
  3572 | D:5      | Found Siech's CLEARANCE SALE!.
  3580 | D:5      | Bought a scroll of identify for 12 gold pieces
  3663 | D:5      | Found a burning altar of Makhleb.
  3670 | D:5      | Reached skill level 5 in Dodging
  3670 | D:5      | Reached XP level 8. HP: 31/58 MP: 9/9
  3683 | D:5      | Glimpsed the power of Zot.
  3688 | D:5      | HP: 1/58 [orc priest/divine providence (14)]
  3691 | D:5      | Slain by an orc priest

Illustrated notes

Levels and vault maps discovered:
D:1:      minmay_arrival_semitransparent, layout_basic,
          shapermc_ecumenical_altar_ellora
D:2:      layout_loops_ring, hangedman_decor_clover_reticule,
          small_statue_intersection
D:3:      layout_loops_corners, serial_shops, shop, guppyfry_early_lair_pool,
          uniq_ijyb
D:4:      layout_cave_pools, uniq_natasha
D:5:      layout_basic, nicolae_overflow_crystal_walls,
          mainiacjoe_overflow_catch_the_wave, nicolae_shop_clearance
D:6:      layout_basic, trog_three_pillars_becter, temple_pool_b, serial_shops,
          nicolae_stop_n_shop_1, uniq_sigmund, uniq_eustachio, uniq_grinder,
          uniq_blork_the_orc

Skill      XL: |  1  2  3  4  5  6  7 |
---------------+----------------------+-----
Staves         | 4 5 |  5.9
Fire Magic     | 1 2 3 |  3.2
Dodging        | 4 5 |  5.0
Armour         | 1 2 |  2.9
Evocations     | 1 2 |  2.3
Fighting       | 3 |  3.2
Necromancy     | 1 2 |  2.5
Throwing       | |  2.9
Stealth        | |  0.1
Shields        | |  0.3

Action                   |  1- 3 |  4- 6 |  7- 9 || total
-------------------------+-------+-------+-------++-------
Melee: Quarterstaff      |    84 |    80 |       ||   164
       Staff             |       |   129 |   115 ||   244
       Punch             |       |     1 |       ||     1
Throw: Javelin           |       |     4 |       ||     4
       Throwing net      |       |     3 |       ||     3
  Use: Scroll            |       |     4 |     2 ||     6
       Potion            |       |     5 |     4 ||     9
 Stab: Held in net/web   |       |     1 |       ||     1
Armor: Leather armour    |    33 |    94 |    54 ||   181
       Skin              |       |     5 |       ||     5
Dodge: Dodged            |    41 |   126 |    61 ||   228
Block: Kite shield       |       |       |    42 ||    42

Table legend: (Time is in decaauts)
 A = Elapsed time spent in this place.
 B = Non-inter-level travel time spent in this place.
 C = Inter-level travel time spent in this place.
 D = Time resting spent in this place.
 E = Time spent auto-exploring this place.
 F = Levels seen in this place.
 G = Mean time per level.
                   A        B        C        D        E       F      G
               +--------+--------+--------+--------+--------+-----+--------+
         Total |   3707 |   3633 |     74 |    925 |   1754 |   6 |  617.8 |
       Dungeon |   3707 |   3633 |     74 |    925 |   1754 |   6 |  617.8 |
               +--------+--------+--------+--------+--------+-----+--------+

Top non-repeatable levels by time:
     D:5: 1006 daAuts
     D:3: 778 daAuts
     D:4: 667 daAuts
     D:2: 661 daAuts
     D:1: 351 daAuts
     D:6: 242 daAuts
